 Dungeon Crawl Stone Soup version 0.19.1 (webtiles) character file.

184 blodskaal the Shooter (level 5, -3/42 HPs)
             Began as a Centaur Hunter on Dec 9, 2016.
             Killed by divine providence
             ... invoked by an orc priest
              (14 damage)
             ... on level 3 of the Dungeon.
             The game lasted 00:35:22 (4370 turns).

blodskaal the Shooter (Centaur Hunter)              Turns: 4370, Time: 00:35:22

Health: -3/42      AC:  4    Str: 12 (15) XL:     5   Next: 36%
Magic:  5/5        EV:  9    Int:  8 (10) God:
Gold:   151        SH:  0    Dex:  9 (10) Spells: 0 memorised, 4 levels left

rFire  . . .     SeeInvis .     b - +0 short sword
rCold  . . .     Gourm    .     c - +0 leather armour
rNeg   . . .     Faith    .     (no shield)
rPois  .         Spirit   .     (no helmet)
rElec  .         Reflect  .     (no cloak)
rCorr  .         Harm     .     (no gloves)
MR     .....                    (no barding)
Stlth  +.........               (no amulet)
                                (no ring)
                                (no ring)

@: very quick
A: hooves 3, deformed body, speed 2, tough skin 3
a: no special abilities


You were on level 3 of the Dungeon.
You were hungry.

You visited 1 branch of the dungeon, and saw 4 of its levels.

You collected 151 gold pieces.

Inventory:

Hand Weapons
 a - a +1 shortbow
 b - a +0 short sword (weapon)
 m - a +0 dagger
 n - a cursed -3 dagger
 u - a +0 spear
 w - a +0 dagger
Missiles
 s - an arrow
 t - 3 stones (quivered)
 v - 25 bolts
Armour
 c - a +0 leather armour (worn)
 g - a +0 ring mail
 k - a +0 ring mail
 l - a +0 leather armour
Jewellery
 d - an uncursed ring of teleportation
 e - an uncursed amulet of inaccuracy
Wands
 i - a wand of confusion (6/48)
Scrolls
 p - 5 scrolls of identify
Potions
 o - a potion of might
 x - a potion of cure mutation
Comestibles
 f - 2 bread rations
 h - 3 chunks of flesh
 j - a meat ration


   Skills:
 + Level 2.7 Fighting
 + Level 1.0 Short Blades
 + Level 7.2 Bows
 + Level 1.3 Throwing
 - Level 0.4 Armour
 - Level 1.9 Dodging
 + Level 0.9 Stealth


You had 4 spell levels left.
You didn't know any spells.

Dungeon Overview and Level Annotations

Branches:
Dungeon (4/15)
 Temple: D:4-7

Altars:
Ru


Innate Abilities, Weirdness & Mutations

You have hooves in place of feet.
Armour fits poorly on your strangely shaped body.
You cover ground very quickly.
You have extremely tough skin. (AC +3)


Message History

The orc wizard casts a spell.
The orc wizard seems to speed up.
The orc priest hits you with a short sword.
* * * LOW HITPOINT WARNING * * *
The orc barely misses you.
You barely miss the orc priest.
You kick the orc priest, but do no damage.
The orc priest is heavily wounded.
The orc priest mumbles some strange prayers to Beogh against you.
Pain shoots through your body!
* * * LOW HITPOINT WARNING * * *
You hit the orc priest.
The orc priest is almost dead.
The orc priest closely misses you.
You hit the orc priest but do no damage.
The orc priest is almost dead.
The orc closely misses you.
The orc priest invokes the aid of Beogh against you.
Beogh smites you!
You die...

...#
#.................#..
...# ...#
####.##.#.##.########
##.## ...#
#.##.#.##.### ####
#.# ...#
#......##.#.. ..# #.#
...# ####.#.##.#.#
#.# #.# .###
#.#.##.#.#####.###.#
.#
#......#.##........#
.# ##
###.####.##.##.#####
..# #..o@o......##.#
.... #.######.......#
##''####.# #########
.......#.# ).%....#.#
.8≈≈8..#.# .≈≈≈≈..'.#
.≈≈≈≈.('(# §8≈≈8..###


You could see an orc priest and an orc.

Vanquished Creatures
  An orc priest (D:2)
  3 adders
  5 gnolls
  2 worms (D:2)
  A dart slug (D:1)
  4 leopard geckos
  3 orcs (D:3)
  2 giant cockroaches (D:1)
  8 goblins
  2 hobgoblins (D:1)
  3 jackals
  11 bats
  3 frilled lizards
  13 kobolds
  6 rats
67 creatures vanquished.

Notes
Turn   | Place    | Note
-------+----------+-------------------------------------------
     0 | D:1      | blodskaal the Centaur Hunter began the quest for the Orb.
     0 | D:1      | Reached XP level 1. HP: 17/17 MP: 1/1
   251 | D:1      | Reached skill level 6 in Bows
   251 | D:1      | Reached XP level 2. HP: 7/24 MP: 2/2
   914 | D:1      | Reached XP level 3. HP: 29/29 MP: 3/3
  1889 | D:2      | Reached XP level 4. HP: 12/37 MP: 4/4
  2400 | D:2      | Found a sacrificial altar of Ru.
  2926 | D:3      | Reached skill level 7 in Bows
  3117 | D:3      | Reached XP level 5. HP: 18/42 MP: 5/5
  3330 | D:2      | Reached skill level 1 in Throwing
  3723 | D:4      | Reached skill level 1 in Short Blades
  4370 | D:3      | Killed from afar by an orc priest

Skill      XL: |  1  2  3  4  5 |
---------------+----------------+-----
Bows           | 6 7 |  7.2
Throwing       | 1 |  1.3
Short Blades   | 1 |  1.0
Fighting       | |  2.7
Armour         | |  0.4
Dodging        | |  1.9
Stealth        | |  0.9

Action                   |  1- 3 |  4- 6 || total
-------------------------+-------+-------++-------
Melee: Short sword       |    63 |   149 ||   212
       Kick              |    10 |    26 ||    36
 Fire: Shortbow          |   116 |    30 ||   146
Throw: Stone             |       |    36 ||    36
Evoke: Wand              |       |     2 ||     2
  Use: Scroll            |     3 |     1 ||     4
       Potion            |     4 |     7 ||    11
  Eat: Chunk             |     2 |     5 ||     7
       Beef jerky        |       |     1 ||     1
Armor: Leather armour    |    45 |    45 ||    90
Dodge: Dodged            |    65 |    77 ||   142
